 Dungeon Crawl Stone Soup version 0.26-b1-59-ge38874ec40 (webtiles) character file.

Game seed: 16022833075632243496

247 radhat240 the Chiller (level 5, -1/28 HPs)
             Began as a Deep Elf Ice Elementalist on Jan 8, 2021.
             Slain by Ijyb
             ... wielding a +0 club
              (2 damage)
             ... on level 3 of the Dungeon.
             The game lasted 00:10:35 (3391 turns).

radhat240 the Chiller (Deep Elf Ice Elementalist)   Turns: 3391, Time: 00:10:37

Health: -1/28      AC:  4    Str:  2 (5)  XL:     5   Next: 85%
Magic:  2/14       EV: 14    Int: 20 (21) God:
Gold:   165        SH:  0    Dex: 14 (15) Spells: 3/14 levels left

rFire    . . .     SeeInvis +   (no weapon)
rCold    . . .     Faith    .   (no shield)
rNeg     . . .     Spirit   .   a - +1 robe
rPois    .         Reflect  .   d - +0 helmet
rElec    .         Harm     .   (no cloak)
rCorr    .         Rampage  .   (no gloves)
Will     .....                  (no boots)
Stlth    +++.......             (no amulet)
HPRegen  0.09/turn              e - ring of see invisible
MPRegen  0.14/turn              (no ring)

@: frozen ramparts, very slightly contaminated
A: no striking features
a: no special abilities


You were on level 3 of the Dungeon.
You visited 1 branch of the dungeon, and saw 3 of its levels.

You collected 165 gold pieces.

Inventory:

Armour
 a - a +1 robe (worn)
 d - a +0 helmet (worn)
Jewellery
 e - a ring of see invisible (left hand)
Scrolls
 b - a scroll of amnesia


   Skills:
 + Level 3.6 Dodging
 + Level 4.0 Stealth
 + Level 5.0 Spellcasting
 + Level 6.0 Ice Magic


You had 3 spell levels left.
You knew the following spells:

 Your Spells              Type           Power        Failure   Level
a - Freeze                Ice            100%         1%          1
b - Frozen Ramparts       Ice            58%          3%          3
c - Ozocubu's Armour      Ice            29%          3%          3
d - Hailstorm             Conj/Ice       17%          32%         4

Your spell library contained the following spells:

 Spells                   Type           Power        Failure   Level
 Beastly Appendage        Tmut           10%          12%         1
 Wereblood                Tmut           5%           17%         2
 Spider Form              Tmut/Pois      2%           34%         3
 Ice Form                 Ice/Tmut       17%          32%         4
 Summon Ice Beast         Ice/Summ       17%          32%         4
 Blade Hands              Tmut           2%           97%         5


Dungeon Overview and Level Annotations

Branches:
Dungeon (3/15)

Altars:
Kikubaaqudgha
Sif Muna

Annotations:
D:3 Ijyb


Message History

* * * LOW HITPOINT WARNING * * *
Okay, then.
Casting: Freeze (safe; 1% risk of failure)
Confirm with . or Enter, or press ? or * to list all spells.
The spell is potentially lethal to cast (32% risk of failure)!
Continue anyway?
Casting: Hailstorm (potentially lethal; 32% risk of failure)
Press: ? - help, Dir - look around, f - activate A cannonade of hail descends around you!
The hail pelts Ijyb.
Ijyb is heavily wounded.
The wall freezes Ijyb.
Casting: Hailstorm (potentially lethal; 32% risk of failure)
Confirm with . or Enter, or press ? or * to list all spells.
Aiming: Freeze (safe; 1% risk of failure)
Press: ? - help, Shift-Dir - straight line, f - Ijyb
Aim: Ijyb, wielding a +0 club, wearing a +0 leather armour and carrying a wand of disintegration (13) (almost dead)
You miscast Freeze.
You are very lightly contaminated with residual magic.
Nothing appears to happen.
The wall freezes Ijyb.
Ijyb hits you with a +0 club.
You die...

#)# # ##.###..##
#####.......... .
#.#...##.##...... ....###
#.......##...... #....
##................. ####.
##..#.###......^.. ...
####†###........## ####
#.g@..#####...# #(#####
#...# #†..# #...# #...#
#...# o.........# #)..# #
.o........# #...######
.##.#.....#######....()..#
# #.#.##...........###..
#.#..............# #..


You could see Ijyb.

Vanquished Creatures
  A quasit (D:3)
  An orc priest (D:3)
  3 gnolls (D:2)
  5 adders
  2 oozes
  3 worms
  3 dart slugs
  A leopard gecko (D:2)
  11 orcs (D:3)
  4 bats (D:1)
  A bat zombie (D:3)
  3 giant cockroaches
  7 goblins
  6 hobgoblins
  5 jackals
  A quokka (D:3)
  5 frilled lizards
  12 kobolds
  5 rats
  4 rat zombies (D:3)
83 creatures vanquished.

Notes
Turn   | Place    | Note
-------+----------+-------------------------------------------
     0 | D:1      | radhat240 the Deep Elf Ice Elementalist began the quest for
                  | the Orb.
     0 | D:1      | Reached XP level 1. HP: 10/10 MP: 6/6
   121 | D:1      | Reached XP level 2. HP: 3/15 MP: 1/8
   658 | D:1      | Reached skill level 5 in Ice Magic
   971 | D:1      | Reached XP level 3. HP: 19/19 MP: 8/10
   975 | D:1      | Learned a level 3 spell: Frozen Ramparts
   980 | D:1      | Learned a level 3 spell: Ozocubu's Armour
  1478 | D:2      | Reached XP level 4. HP: 22/24 MP: 7/12
  2010 | D:2      | Found a shimmering blue altar of Sif Muna.
  2424 | D:3      | Reached XP level 5. HP: 22/28 MP: 3/13
  2429 | D:3      | Learned a level 4 spell: Hailstorm
  2987 | D:3      | Found an ancient bone altar of Kikubaaqudgha.
  3339 | D:3      | Reached skill level 5 in Spellcasting
  3368 | D:3      | Reached skill level 6 in Ice Magic
  3386 | D:3      | Noticed Ijyb
  3389 | D:3      | HP: 1/28 [disintegration (12)]
  3391 | D:3      | Slain by Ijyb

Illustrated notes

Levels and vault maps discovered:
D:1:      enne_arrival_octagon_isle, layout_basic
D:2:      layout_basic, lemuel_blue_sif_altar
D:3:      layout_loops_cross, lemuel_zombie_altar_kikubaaqudgha,
          uniq_crazy_yiuf_cottage, uniq_ijyb

Skill      XL: |  1  2  3  4  5 |
---------------+----------------+-----
Ice Magic      | 5 6 |  6.0
Spellcasting   | 4 5 |  5.0
Stealth        | 3 4 |  4.0
Dodging        | 3 |  3.6

Action                   |  1- 3 |  4- 6 || total
-------------------------+-------+-------++-------
Melee: Unarmed           |     6 |    66 ||    72
 Cast: Freeze            |    56 |    58 ||   114
       Frozen Ramparts   |       |    12 ||    12
       Hailstorm         |       |     1 ||     1
  Use: Potion            |     5 |     1 ||     6
       Scroll            |     8 |     3 ||    11
Armor: Robe              |    12 |    55 ||    67
Dodge: Dodged            |    31 |    77 ||   108
